 Dungeon Crawl Stone Soup version 0.18.1-8-gdd0e5ea (webtiles) character file.

686 Shtopit the Magician (level 7, -1/43 HPs)
             Began as a High Elf Wizard on May 30, 2016.
             Was an Initiate of Ashenzari.
             Slain by a worker ant (7 damage)
             ... on level 4 of the Dungeon.
             The game lasted 00:24:25 (6644 turns).

Shtopit the Magician (High Elf Wizard)              Turns: 6644, Time: 00:24:26

Health: -1/43      AC:  2    Str:  6    XL:     7   Next: 35%
Magic:  1/17       EV: 14    Int: 23    God:    Ashenzari [......]
Gold:   151        SH:  0    Dex: 15    Spells: 5 memorised, 7 levels left

rFire  . . .     SeeInvis .     v - +0 short sword
rCold  . . .     Gourm    .     a - +0 robe
rNeg   . . .     Faith    .     (no shield)
rPois  .         Spirit   .     b - +0 hat
rElec  .         Dismiss  .     (no cloak)
rCorr  .         Reflect  .     (no gloves)
SustAt .         Harm     .     (no boots)
MR     .....                    (no amulet)
Stlth  ++........               (no ring)
                                (no ring)

@: not resistant to hostile enchantments, unstealthy
A: no striking features
a: Curse Item, Renounce Religion


You were on level 4 of the Dungeon.
You worshipped Ashenzari.
Ashenzari was noncommittal.
You were not hungry.

You visited 2 branches of the dungeon, and saw 6 of its levels.

You collected 151 gold pieces.

Inventory:

Hand Weapons
 e - a +0 dagger
 m - the cursed +3 whip of the Evening {elec, +Fly Str+2}
   (You found it on level 5 of the Dungeon)

   Occasionally, upon striking a foe, it will discharge some electrical energy
   and cause terrible harm.
   It affects your strength (+2).
   It lets you fly.
   It has a curse placed upon it.
 u - a +0 blowgun
 v - a +0 short sword (weapon)
 w - a +0 short sword
 x - a +0 hunting sling
Missiles
 r - 26 poisoned needles
 y - 83 stones (quivered)
Armour
 a - a +0 robe (worn)
 b - a +0 hat (worn)
 j - a +0 leather armour
Jewellery
 D - a +5 ring of dexterity
Wands
 A - a wand of flame (39/48)
Scrolls
 h - 3 scrolls of identify {unknown}
 i - 2 scrolls of enchant weapon {unknown}
 l - a scroll of fog {unknown}
 q - a scroll of magic mapping {unknown}
 t - 2 scrolls of amnesia {unknown}
 z - 2 scrolls of teleportation {unknown}
 C - a scroll of remove curse
Potions
 g - a potion of agility {unknown}
 k - a potion of curing
 s - 2 potions of ambrosia {unknown}
 B - a potion of haste {unknown}
Books
 c - a book of Minor Magic

   Spells                             Type                      Level
   a - Magic Dart                     Conjuration                  1
   b - Blink                          Translocation                2
   c - Call Imp                       Summoning                    2
   d - Repel Missiles                 Charms/Air                   2
   e - Slow                           Hexes                        2
   f - Conjure Flame                  Conjuration/Fire             3
   g - Mephitic Cloud                 Conjuration/Poison/Air       3
Comestibles
 d - 5 bread rations
 f - 3 meat rations
 n - 4 fruits
 o - a slice of pizza
 p - 3 chunks of flesh
 E - a royal jelly


   Skills:
 + Level 1.0 Fighting
 + Level 0.2 Short Blades
 * Level 2.6 Armour
 + Level 3.7 Dodging
 + Level 2.9 Stealth
 + Level 6.3 Spellcasting
 + Level 4.1 Conjurations
 + Level 1.0 Summonings
 + Level 1.2 Translocations
 + Level 1.4 Air Magic
 + Level 0.7 Poison Magic


You had 7 spell levels left.
You knew the following spells:

 Your Spells              Type           Power        Failure   Level  Hunger
a - Magic Dart            Conj           ####         1%          1    None
b - Call Imp              Summ           ##......     10%         2    None
c - Mephitic Cloud        Conj/Pois/Air  ###.....     12%         3    #......
d - Blink                 Tloc           N/A          10%         2    None
e - Conjure Flame         Conj/Fire      ###.....     12%         3    #......


Dungeon Overview and Level Annotations

Branches:
Dungeon (5/15)             Temple (1/1) D:4

Altars:
Ashenzari
Dithmenos
Elyvilon
Fedhas
Gozag
Kikubaaqudgha
Makhleb
Nemelex Xobeh
Okawaru
Pakellas
Ru
Sif Muna
Trog
Vehumet
Xom
Yredelemnul
Zin
The Shining One


Message History

The worker ant misses you. The worker ant closely misses you.
There is a stone staircase leading up here.
The ice beast hits you. The ice beast freezes you.
* * * LOW HITPOINT WARNING * * *
The worker ant bites you.
* * * LOW HITPOINT WARNING * * *
You climb upwards.
Some of the chunks of flesh in your inventory have rotted away.
There is a stone staircase leading down here.
Casting: Magic Dart
Confirm with . or Enter, or press ? or * to list all spells.
You blink.
Casting: Blink
Confirm with . or Enter, or press ? or * to list all spells.
You blink.
The ice beast hits you but does no damage.
Your magical contamination has completely faded away.
The worker ant bites you!
You die...

######## ##......## ##........##
#..........# #..........# #
#.......Y..# # #.......a@.# #
#..........## # ##....>.....####
# ##.............### #
#............<...# #
#.......)........# #
######..........###...#########
##............>.................
##................###............


You could see an ice beast and a worker ant.

Vanquished Creatures
  Menkaure (D:4)
  An ogre (D:4)
  A giant frog zombie (D:5)
  A crimson imp (D:2)
  A hound (D:4)
  An orc wizard (D:3)
  Terence (D:2)
  2 iguanas (D:5)
  3 worker ants (D:4)
  6 adders
  2 gnolls (D:5)
  An ooze (D:2)
  An adder skeleton (D:3)
  5 dart slugs
  2 giant geckos
  10 orcs
  4 giant cockroaches
  5 goblins (D:3)
  6 hobgoblins
  19 jackals
  7 kobolds
  5 quokkas
  8 bats
  2 giant gecko skeletons (D:4)
  2 giant newts
  A jackal skeleton (D:4)
  9 rats
107 creatures vanquished.

Vanquished Creatures (collateral kills)
  A worker ant (D:4)
1 creature vanquished.

Grand Total: 108 creatures vanquished

Notes
Turn   | Place    | Note
--------------------------------------------------------------
     0 | D:1      | Shtopit the High Elf Wizard began the quest for the Orb.
     0 | D:1      | Reached XP level 1. HP: 11/11 MP: 6/6
   232 | D:1      | Reached skill level 4 in Spellcasting
   471 | D:1      | Reached XP level 2. HP: 12/17 MP: 1/8
   938 | D:1      | Learned a level 2 spell: Call Imp
  1392 | D:2      | Found a blossoming altar of Fedhas.
  1456 | D:2      | Reached XP level 3. HP: 21/21 MP: 3/9
  1461 | D:2      | Learned a level 3 spell: Mephitic Cloud
  1506 | D:2      | Found a basalt altar of Yredelemnul.
  1506 | D:2      | Found a glowing golden altar of the Shining One.
  1513 | D:2      | Found a shadowy altar of Dithmenos.
  1809 | D:2      | Noticed Terence
  1939 | D:2      | Killed Terence
  1939 | D:2      | Reached skill level 1 in Armour
  1939 | D:2      | Reached XP level 4. HP: 16/27 MP: 0/11
  2431 | D:2      | Found a burning altar of Makhleb.
  2591 | D:2      | Found an iron altar of Okawaru.
  2591 | D:2      | Found an ancient bone altar of Kikubaaqudgha.
  2747 | D:2      | Learned a level 2 spell: Blink
  3050 | D:3      | Reached skill level 5 in Spellcasting
  3296 | D:3      | Reached XP level 5. HP: 32/32 MP: 10/13
  4285 | D:4      | Noticed Menkaure
  4410 | D:4      | Learned a level 3 spell: Conjure Flame
  4423 | D:4      | Killed Menkaure
  4423 | D:4      | Reached XP level 6. HP: 37/37 MP: 3/15
  4564 | D:4      | Found a staircase to the Ecumenical Temple.
  4577 | Temple   | Entered the Ecumenical Temple
  4772 | Temple   | Became a worshipper of Ashenzari the Shackled
  4814 | D:4      | Reached skill level 1 in Fighting
  4814 | D:4      | Reached skill level 6 in Spellcasting
  5107 | D:4      | Reached skill level 1 in Air Magic
  5409 | D:4      | Reached skill level 1 in Summonings
  5409 | D:4      | Reached XP level 7. HP: 43/43 MP: 5/17
  5558 | D:5      | Entered Level 5 of the Dungeon
  6346 | D:5      | Got the cursed whip of the Evening {elec, +Fly Str+2}
  6644 | D:4      | Slain by a worker ant

Skill      XL: |  1  2  3  4  5  6  7 |
---------------+----------------------+-----
Spellcasting   | 4 5 6 |  6.3
Conjurations   | 2 3 4 |  4.1
Armour         | 1 2 |  2.6
Dodging        | 3 |  3.7
Fighting       | 1 |  1.0
Air Magic      | 1 |  1.4
Summonings     | 1 |  1.0
Short Blades   | |  0.2
Stealth        | |  2.9
Translocations | |  1.2
Poison Magic   | |  0.7

Action                   |  1- 3 |  4- 6 |  7- 9 || total
-------------------------+-------+-------+-------++-------
Melee: Dagger            |     3 |     5 |       ||     8
       Short sword       |       |     4 |    14 ||    18
 Cast: Magic Dart        |   106 |   167 |    86 ||   359
       Mephitic Cloud    |     3 |     9 |     8 ||    20
       Call Imp          |       |     2 |       ||     2
       Blink             |       |     2 |     4 ||     6
  Use: Potion            |       |     4 |       ||     4
 Stab: Confused          |     1 |     1 |       ||     2
       Sleeping          |       |       |     1 ||     1
  Eat: Chunk             |     3 |    12 |     4 ||    19
Armor: Robe              |    15 |     7 |     5 ||    27
Dodge: Dodged            |    32 |    56 |    39 ||   127
